 Dungeon Crawl Stone Soup version 0.29.1-13-g9f3cf754e1 (webtiles) character file.

Game seed: 7496668760151770140

93 Thatpatchoflichen the Trooper (level 4, -3/41 HPs)
             Began as a Hill Orc Fighter on Jan 23, 2023.
             Slain by a goblin
             ... wielding a +0 club
             ... led by Robin
              (4 damage)
             ... on level 2 of the Dungeon.
             The game lasted 00:04:34 (1599 turns).

Thatpatchoflichen the Trooper (Hill Orc Fighter)    Turns: 1599, Time: 00:04:38

Health: -3/41      AC:  8    Str: 20    XL:     4   Next: 62%
Magic:  4/4        EV:  9    Int:  8    God:
Gold:   66         SH:  0    Dex: 10    Spells: 3/3 levels left

rFire   . . .      SeeInvis .   a - +0 war axe
rCold   . . .      Faith    .   c - +0 buckler
rNeg    . . .      Spirit   .   b - +0 scale mail
rPois   .          Reflect  .   (no helmet)
rElec   .          Harm     .   h - +0 cloak
rCorr   .          Rampage  .   (no gloves)
Will    .....                   (no boots)
Stlth   ..........              (no amulet)
HPRegen 0.13/turn               m - ring of flight
MPRegen 0.09/turn               (no ring)

@: confused, flying
A: no striking features
a: no special abilities


You were on level 2 of the Dungeon.
You visited 1 branch of the dungeon, and saw 3 of its levels.

You collected 66 gold pieces.

Inventory:

Hand Weapons
 a - a +0 war axe (weapon)
Missiles
 e - 6 poisoned darts (quivered)
Armour
 b - a +0 scale mail (worn)
 c - a +0 buckler (worn)
 h - a +0 cloak (worn)
Jewellery
 m - a ring of flight (left hand)
 n - a +6 ring of intelligence
Scrolls
 g - a scroll of identify {unknown}
 i - a scroll of brand weapon {unknown}
 k - a scroll of immolation {unknown}
Potions
 d - a potion of might
 f - a potion of haste {unknown}
 j - a potion of berserk rage {unknown}
 l - 2 potions of invisibility {unknown}


   Skills:
 + Level 4.4 Fighting
 + Level 3.8 Axes
 + Level 4.0 Armour
 + Level 4.0 Shields


You had 3 spell levels left.
You didn't know any spells.
Your spell library contained the following spells:

 Spells                   Type           Power      Damage    Failure   Level
 Ensorcelled Hibernation  Hex/Ice        0%         N/A       94%         2
 Gell's Gravitas          Tloc           0%         N/A       99%         3
 Spider Form              Tmut/Pois      0%         N/A       99%         3
 Teleport Other           Tloc           0%         N/A       99%         3
 Anguish                  Hex/Necr       0%         N/A       100%        4
 Dispersal                Tloc           0%         N/A       100%        6


Dungeon Overview and Level Annotations

Branches:
Dungeon (3/15)

Altars:

Annotations:
D:2 Robin, Sigmund


Message History

The hobgoblin goes into a battle-frenzy!
You hear a shout! x3
Robin roars a battlecry!
The hobgoblin hits you.
You hear a shout! x3
You hit the hobgoblin but do no damage.
A goblin comes into view. It is wielding a +0 club.
A goblin comes into view. It is wielding a +0 dagger.
The hobgoblin closely misses you. Robin attacks as you move away!
Robin hits you with a +0 club.
The hobgoblin hits you but does no damage.
You slash the hobgoblin!
You kill the hobgoblin!
You hit Robin but do no damage. Robin barely misses you.
Robin zaps a wand.
The bolt of light hits you!
You are confused.
You see here a hobgoblin corpse. 2 goblins come into view.
The goblin shouts! x4
Robin zaps a wand.
The bolt of light hits you! The goblin closely misses you.
The goblin barely misses you.
You're too confused to move!
You feel less confused. The goblin closely misses you.
Robin attacks as you move away! You block Robin's attack.
Robin throws the goblin at you! The goblin closely misses you.
The goblin hits you but does no damage. Robin throws the goblin at you!
The goblin completely misses you. The goblin hits you but does no damage.
Robin roars a battlecry!
The goblins go into a battle-frenzy!
The goblin hits you with a +0 club. x2
You hear a shout!
Robin zaps a wand.
The bolt of light hits the goblin!
The goblin dies!
The bolt of light hits you!
You are confused.
* * * LOW HITPOINT WARNING * * *
The goblin hits you with a +0 club.
You die...

.##..##..# #.###########
.##..##..### #....g.ggg..
.##..##..#.# #.†#######g# #
.........#.####gg#######.##.###
.##.............gg.gggg.......#
###.###.##.####.g#######.######
###..............#######.#
................gg.>.....#
#.....#.##.##.##@......#.#
#<........###.##<##.##.#.#
#.#..##.#.###.##.##..#.#.#
#...@................#.#.#
.g##.##..........###.#.#.#
.g...##........#.###.#.#.######
.g..###.####..................#
.g#.# #. #...#.###.###.######
..#.# #. #..##.# #.# #.#


You could see Robin and 6 goblins.

Vanquished Creatures
  Natasha (D:3)
  2 adders (D:2)
  4 dart slugs
  6 ball pythons
  3 endoplasms
  3 giant cockroaches
  2 goblins
  3 hobgoblins
  2 jackals (D:1)
  4 quokkas
  A bat (D:2)
  A frilled lizard (D:1)
  3 kobolds
  6 rats
41 creatures vanquished.

Vanquished Creatures (others)
  A goblin (D:2)
  A fungus (D:3)
2 creatures vanquished.

Grand Total: 43 creatures vanquished

Notes
Turn   | Place    | Note
-------+----------+-------------------------------------------
     0 | D:1      | Thatpatchoflichen the Hill Orc Fighter began the quest for
                  | the Orb.
     0 | D:1      | Reached XP level 1. HP: 19/19 MP: 1/1
   200 | D:1      | Reached XP level 2. HP: 23/27 MP: 2/2
   616 | D:1      | Reached XP level 3. HP: 30/33 MP: 3/3
   967 | D:3      | Noticed Natasha
   972 | D:3      | Killed Natasha
   973 | D:3      | Reached XP level 4. HP: 40/40 MP: 4/4
  1124 | D:2      | Noticed Sigmund
  1585 | D:2      | Noticed Robin
  1599 | D:2      | HP: 1/41 [Robin/bolt of light (13)]
  1599 | D:2      | Slain by a goblin

Illustrated notes

Levels and vault maps discovered:
D:1:      lightli_arrival_boilingwater, layout_rooms, amcnicky_mini_pool_small,
          hangedman_decor_growths, minmay_tiny_reverse_x
D:2:      layout_basic, st_stairs_14, uniq_sigmund, uniq_robin
D:3:      layout_basic, kiku_gazebo_pond_becter, ebering_ecumenical_altar_hall,
          uniq_crazy_yiuf_cottage, uniq_natasha

Skill      XL: |  1  2  3  4 |
---------------+-------------+-----
Axes           | 3 |  3.8
Fighting       | 4 |  4.4
Armour         | 4 |  4.0
Shields        | 4 |  4.0

Action                   |  1- 3 |  4- 6 || total
-------------------------+-------+-------++-------
Melee: War axe           |    73 |    45 ||   118
Armor: Scale mail        |    24 |    36 ||    60
Dodge: Dodged            |    28 |    32 ||    60
Block: Buckler           |    15 |    18 ||    33
